 Dungeon Crawl Stone Soup version 0.28.0-45-g0d030f2227 (webtiles) character file.

Game seed: 6589661811398952324

127 MisterFreud the Changer (level 4, 0/35 HPs)
             Began as a Draconian Transmuter on Apr 13, 2022.
             Slain by an orc
             ... wielding a +0 club
              (4 damage)
             ... on level 4 of the Dungeon.
             The game lasted 00:04:18 (3535 turns).

MisterFreud the Changer (Draconian Transmuter)      Turns: 3535, Time: 00:04:18

Health: 0/35       AC:  7    Str: 12    XL:     4   Next: 85%
Magic:  6/7        EV: 12    Int: 16    God:
Gold:   85         SH:  5    Dex: 11    Spells: 1/7 levels left

rFire   . . .      SeeInvis .     - Unarmed
rCold   . . .      Faith    .   (no shield)
rNeg    . . .      Spirit   .   (armour unavailable)
rPois   .          Reflect  +   (helmet restricted)
rElec   .          Harm     .   e - +0 cloak
rCorr   .          Rampage  .   (no gloves)
Will    .....                   d - +0 pair of boots
Stlth   +.........              o - amulet of reflection
HPRegen 0.11/turn               (no ring)
MPRegen 0.10/turn               (no ring)

@: mighty, flying, very slightly contaminated
A: AC +5, unfitting armour, cold-blooded
a: no special abilities


You were on level 4 of the Dungeon.
You visited 1 branch of the dungeon, and saw 4 of its levels.

You collected 85 gold pieces.

Inventory:

Missiles
 a - 5 boomerangs
 c - 6 poisoned darts
 s - 6 silver javelins
Armour
 d - a +0 pair of boots (worn)
 e - a +0 cloak (worn)
Jewellery
 j - a ring of ice
 m - a ring of ice
 o - an amulet of reflection (around neck)
Scrolls
 f - a scroll of immolation {unknown}
 g - 2 scrolls of summoning {unknown}
 h - 5 scrolls of identify {unknown}
 n - a scroll of enchant weapon {unknown}
 q - a scroll of vulnerability {unknown}
 t - a scroll of holy word {unknown}
Potions
 b - a potion of might
 k - a potion of magic {unknown}
 l - a potion of resistance {unknown}
 p - a potion of degeneration {unknown}
 r - a potion of lignification {unknown}


   Skills:
 + Level 1.4 Fighting
 - Level 1.7 Dodging
 + Level 3.1 Unarmed Combat
 - Level 2.0 Spellcasting
 - Level 5.0 Transmutations


You had one spell level left.
You knew the following spells:

 Your Spells              Type           Power      Damage    Failure   Level
a - Beastly Appendage     Tmut           34%        N/A       2%          1
b - Wereblood             Tmut           17%        N/A       4%          2
c - Spider Form           Tmut/Pois      9%         N/A       22%         3

Your spell library contained the following spells:

 Spells                   Type           Power      Damage    Failure   Level
 Ice Form                 Ice/Tmut       9%         N/A       58%         4


Dungeon Overview and Level Annotations

Branches:
Dungeon (4/15)
 Temple: D:4-7

Altars:
Gozag
Qazlal
Zin


Innate Abilities, Weirdness & Mutations

Your plain brown scales are hard. (AC +5)
You cannot fit into any form of body armour.
You are cold-blooded and may be slowed by cold attacks.


Message History

You hit the orc priest.
You headbutt the orc priest, but do no damage.
The orc priest is moderately wounded.
An orc comes into view. It is wielding a +0 club.
The orc priest mumbles some strange prayers to Beogh against you.
Beogh smites you!
The orc priest calls upon Beogh to heal the orc priest.
The orc priest's wounds heal themselves!
You barely miss the orc priest.
You claw the orc priest, but do no damage.
You headbutt the orc priest, but do no damage.
Your horns disappear.
Your talons disappear.
Your +0 pair of boots unmelds from your body.
The orc priest hits you but does no damage.
You miscast Beastly Appendage.
You are very lightly contaminated with residual magic.
Nothing appears to happen.
The orc priest mumbles some strange prayers to Beogh against you.
Beogh smites you!
* * * LOW HITPOINT WARNING * * *
Unknown command.
Unknown command.
Okay, then.
Unknown command.
It was a potion of might.
You feel very mighty all of a sudden. The orc priest misses you.
You hit the orc priest.
The orc priest is lightly wounded.
You block the orc priest's attack.
Unknown command.
You barely miss the orc priest.
The orc priest is lightly wounded.
You block the orc's attack.
The orc priest hits you with a +0 dagger.
* * * LOW HITPOINT WARNING * * *
It was a potion of flight.
You feel very buoyant.
You fly up into the air.
The orc hits you with a +0 club.
You die...

.. .. .# .## ##..##
.. #....# #. #....#
##. #....# ####.?#
###@...# .......
#oo....# .......
###o#....#
o.....$####.oo#....#
o...o.......########
...........##
o.....#'#..# ......#
#..# ####. #..#


You could see 2 orc priests and 3 orcs.

Vanquished Creatures
  Robin (D:2)
  3 adders
  2 worms (D:2)
  A dart slug (D:3)
  4 orcs
  6 bats
  3 endoplasms (D:2)
  4 giant cockroaches
  18 goblins
  7 hobgoblins
  A quokka (D:4)
  8 ball pythons
  6 frilled lizards
  5 kobolds
  4 rats
73 creatures vanquished.

Vanquished Creatures (others)
  2 plants (D:3)
2 creatures vanquished.

Grand Total: 75 creatures vanquished

Notes
Turn   | Place    | Note
-------+----------+-------------------------------------------
     0 | D:1      | MisterFreud the Draconian Transmuter began the quest for
                  | the Orb.
     0 | D:1      | Reached XP level 1. HP: 16/16 MP: 3/3
   170 | D:1      | Reached XP level 2. HP: 15/23 MP: 5/5
   404 | D:1      | Reached skill level 3 in Transmutations
  1249 | D:2      | Noticed Robin
  1267 | D:1      | Reached XP level 3. HP: 22/28 MP: 4/6
  1277 | D:1      | Learned a level 2 spell: Wereblood
  1281 | D:1      | Learned a level 3 spell: Spider Form
  1392 | D:1      | Reached skill level 4 in Transmutations
  1546 | D:2      | Killed Robin
  1615 | D:2      | Reached XP level 4. HP: 35/35 MP: 5/7
  1899 | D:2      | Found a faded altar of an unknown god.
  2566 | D:3      | Reached skill level 5 in Transmutations
  2863 | D:3      | Found a stormy altar of Qazlal.
  3046 | D:3      | Found a glowing silver altar of Zin.
  3047 | D:3      | Found an opulent altar of Gozag.
  3535 | D:4      | Slain by an orc

Illustrated notes

Levels and vault maps discovered:
D:1:      minmay_arrival_jagged, layout_basic
D:2:      layout_loops_ring, hellmonk_ecumenical_altar_slurped_away, uniq_robin
D:3:      layout_loops_ring, nicolae_qazlal_eye_of_the_storm,
          grunt_temple_overflow_gold_and_silver, serial_bayou_ford_a
D:4:      layout_rooms, kennysheep_mini_moat,
          minmay_temple_entry_enclosed_plants, serial_shops,
          nicolae_shop_advertising_works [nicolae_subvault_shop_adworks],
          chequers_arboretum, nicolae_figureground_sparkle, uniq_sigmund,
          uniq_pikel

Skill      XL: |  1  2  3  4 |
---------------+-------------+-----
Transmutations | 3 4 5 |  5.0
Fighting       | |  1.4
Dodging        | |  1.7
Unarmed Combat | |  3.1
Spellcasting   | |  2.0

Action                   |  1- 3 |  4- 6 || total
-------------------------+-------+-------++-------
Melee: Unarmed           |   132 |    85 ||   217
       Headbutt          |    14 |    15 ||    29
       Kick              |    14 |    21 ||    35
       Tailslap          |    11 |     9 ||    20
       Punch             |     3 |     2 ||     5
 Cast: Beastly Appendage |    20 |    23 ||    43
       Wereblood         |     4 |       ||     4
  Use: Potion            |       |     2 ||     2
 Stab: Sleeping          |     1 |       ||     1
Armor: Skin              |    53 |    24 ||    77
Dodge: Dodged            |    92 |    43 ||   135
Block: Other             |       |     9 ||     9
